 Dungeon Crawl Stone Soup version 0.30-a0-779-g7971cf19c3 (webtiles) character file.

Game seed: 13249888968110623182

53 Leeroy the Slasher (level 3, -2/18 HPs)
             Began as a Vine Stalker Warper on Feb 17, 2023.
             Slain by a black bear (6 damage)
             ... on level 3 of the Dungeon.
             The game lasted 00:03:28 (1132 turns).

Leeroy the Slasher (Vine Stalker Warper)            Turns: 1132, Time: 00:03:29

Health: -2/18      AC:  4    Str: 13    XL:     3   Next: 87%
Magic:  0/7        EV: 11    Int: 13    God:
Gold:   127        SH:  0    Dex: 15    Spells: 6/6 levels left

rFire   . . .      SeeInvis .    a - +0 falchion
rCold   . . .      Faith    .    (no shield)
rNeg    . . .      Spirit   +    b - +0 leather armour
rPois   .          Reflect  .    (no helmet)
rElec   .          Harm     .    (no cloak)
rCorr   .          Rampage  .    (no gloves)
Will    .....                    h - +0 pair of boots
Stlth   +                        (no amulet)
HPRegen 0.23/turn                (no ring)
MPRegen 0.10/turn                (no ring)

@: no status effects
A: fangs 2, magic shield, antimagic bite, no potion heal 2
a: no special abilities


You were on level 3 of the Dungeon.
You visited 1 branch of the dungeon, and saw 3 of its levels.

You collected 127 gold pieces.

Inventory:

Hand Weapons
 a - a +0 falchion (weapon)
 w - a +0 glaive
Missiles
 d - 7 boomerangs of dispersal (quivered)
 o - 5 boomerangs
 u - 4 javelins
Armour
 b - a +0 leather armour (worn)
 h - a +0 pair of boots (worn)
Jewellery
 f - a ring of ice
Wands
 n - a wand of mindburst (17)
Scrolls
 c - a scroll of blinking
 e - a scroll of enchant armour {unknown}
 g - a scroll of identify {unknown}
 k - a scroll of immolation {unknown}
 l - a scroll of fear {unknown}
 m - a scroll of silence {unknown}
 p - a scroll of amnesia {unknown}
 q - a scroll of noise {unknown}
 r - 3 scrolls of torment {unknown}
 s - a scroll of fog {unknown}
Potions
 i - 2 potions of mutation {unknown}
 j - a potion of might {unknown}
 t - 3 potions of degeneration {unknown}
 v - 2 potions of curing {unknown}


   Skills:
 - Level 1.7 Fighting
 + Level 3.7 Long Blades
 - Level 0.8 Throwing
 - Level 0.7 Armour
 - Level 1.5 Dodging
 - Level 2.1 Spellcasting
 - Level 3.0 Translocations


You had 6 spell levels left.
You didn't know any spells.
Your spell library contained the following spells:

 Spells                   Type           Power      Damage    Failure   Level
 Blink                    Tloc           18%        N/A       14%         2
 Lesser Beckoning         Tloc           18%        N/A       14%         2
 Teleport Other           Tloc           9%         N/A       28%         3
 Vhi's Electric Charge    Tloc/Air       10%        N/A       45%         3
 Inner Flame              Hex/Fire       1%         N/A       67%         3
 Manifold Assault         Tloc           9%         N/A       67%         4
 Flame Wave               Conj/Fire      1%         2d4       97%         4
 Sticky Flame             Conj/Fire      1%         2d3       97%         4


Dungeon Overview and Level Annotations

Branches:
Dungeon (3/15)

Altars:

Shops:
D:1 (   D:3 !

Portals:
Sewer: D:3


Innate Abilities, Weirdness & Mutations

You have extremely sharp teeth.
When hurt, damage is shared between your health and your magic reserves.
Your bite disrupts and absorbs the magic of your enemies.
Potions cannot restore your health.


Message History

You hit the giant cockroach. Your bite misses the giant cockroach.
The giant cockroach is severely wounded.
The giant cockroach closely misses you. The giant cockroach barely misses you.
You hit the giant cockroach.
You kill the giant cockroach!
No target in view!
No target in view!
No target in view!
You see here 4 javelins.
u - 4 javelins
Found Buerghov's Distillery.
Found a glowing drain.
Found a book of the Dragon.
You hear the slow rusting of a drain very nearby.
v - a coppery potion
Found a stone staircase leading up.
Found 5 gold pieces.
v - 2 coppery potions (gained 1)
Okay, then.
Okay, then.
Found a glaive.
You now have 127 gold pieces (gained 5).
You see here a +0 glaive.
w - a +0 glaive A black bear comes into view.
The black bear growls angrily.
You hit the black bear but do no damage.
The black bear bites you! The black bear claws you. x2
You hit the black bear. You bite the black bear. You drain its power.
You feel invigorated.
The black bear is moderately wounded.
The black bear bites you but does no damage.
The black bear claws you. The black bear closely misses you.
The black bear bites you. The black bear claws you.
* * * LOW HITPOINT WARNING * * *
The black bear claws you.
* * * LOW HITPOINT WARNING * * *
You barely miss the black bear. Your bite misses the black bear.
The black bear is moderately wounded.
The black bear bites you!
You die...

)#.###.###<...##.###
.#†# #.####.#.##... .#.#
#......#.##.# ...#
#......#....# ...#
##.########.######
...###......####......#
.#................###.#
.###..#......###..#...##
.#...##.^....# #@h......
...#######.............#
... ####.####...#.# #..
#... ...... ... ..##
...#.# . ..# ...... .
....# .###


You could see a black bear.

Vanquished Creatures
  An adder (D:2)
  6 ball pythons
  3 endoplasms (D:2)
  2 giant cockroaches
  6 hobgoblins
  2 jackals (D:1)
  2 kobolds
  4 quokkas
  8 bats
  5 rats
39 creatures vanquished.

Notes
Turn   | Place    | Note
-------+----------+-------------------------------------------
     0 | D:1      | Leeroy the Vine Stalker Warper began the quest for the Orb.
     0 | D:1      | Reached XP level 1. HP: 11/11 MP: 4/4
   133 | D:1      | Reached XP level 2. HP: 15/15 MP: 6/6
   179 | D:1      | Found Iroji's Weapon Emporium.
   565 | D:2      | Reached XP level 3. HP: 17/18 MP: 5/7
  1046 | D:3      | Found a faded altar of an unknown god.
  1096 | D:3      | Found Buerghov's Distillery.
  1096 | D:3      | Found a glowing drain.
  1126 | D:3      | Noticed a black bear
  1132 | D:3      | Slain by a black bear

Illustrated notes

Levels and vault maps discovered:
D:1:      giann_wishing_wells, layout_rooms, serial_shops, shop_statue
D:2:      layout_rooms, chequers_serial_rivers_micro_e
D:3:      layout_basic, serial_shops, shop, portal_sewer_entry_a,
          ebering_ecumenical_altar_abandoned

Skill      XL: |  1  2 |
---------------+-------+-----
Long Blades    | 2 3 |  3.7
Fighting       | |  1.7
Throwing       | |  0.8
Armour         | |  0.7
Dodging        | |  1.5
Spellcasting   | |  2.1
Translocations | |  3.0

Action                     || total
---------------------------++-------
  Melee: Falchion          ||   133
         Bite              ||    32
         Punch             ||     2
 Armour: Leather armour    ||    85
  Dodge: Dodged            ||   130

Table legend: (Time is in decaauts)
 A = Elapsed time spent in this place.
 B = Non-inter-level travel time spent in this place.
 C = Inter-level travel time spent in this place.
 D = Time resting spent in this place.
 E = Time spent auto-exploring this place.
 F = Levels seen in this place.
 G = Mean time per level.
                   A        B        C        D        E       F      G
               +--------+--------+--------+--------+--------+-----+--------+
         Total |   1152 |   1109 |     43 |      0 |    808 |   3 |  384.0 |
       Dungeon |   1152 |   1109 |     43 |      0 |    808 |   3 |  384.0 |
               +--------+--------+--------+--------+--------+-----+--------+

Top non-repeatable levels by time:
     D:1: 529 daAuts
     D:2: 441 daAuts
     D:3: 181 daAuts
